 Dungeon Crawl Stone Soup version 0.30.1 (webtiles) character file.

Game seed: 5045728126935611303

3941 GimliDwarf the Martial Artist (level 10, -10/98 HPs)
             Began as a Gnoll Wanderer on July 12, 2023.
             Was a Believer of Dithmenos.
             Mangled by an orc warrior
             ... wielding a +0 glaive
              (13 damage)
             ... in a bailey.
             The game lasted 00:22:19 (8417 turns).

GimliDwarf the Martial Artist (Gnoll Wanderer)      Turns: 8417, Time: 00:22:19

Health: -10/98     AC:  6    Str: 11    XL:     10   Next: 21%
Magic:  26/26      EV: 12    Int:  9    God:    Dithmenos [**....]
Gold:   490        SH:  0    Dex: 19    Spells: 8/19 levels left

rFire   x . .        k - melded +3 dagger (speed)
rCold   + + +        (shield currently unavailable)
rNeg    . . .        i - melded +1 leather armour {Will+}
rPois   +            (helmet currently unavailable)
rElec   .            m - melded scarf "Beuklir" {repulsion, rElec rPois Str-2}
rCorr   .            p - melded +1 pair of gloves
SInv    .            (boots currently unavailable)
Will    .....        n - amulet of the acrobat
Stlth   +++++        c - ring of wizardry
HPRegen 0.36/turn    x - ring of magical power
MPRegen 0.20/turn

%: acrobat, wizardry (x1)
@: ice-form, wreathed by umbra
A: freezing attack, amphibious, boosted hp, large, (fangs 1), strong nose,
distributed training
a: End Transformation, Renounce Religion, Shadow Step


You were in a bailey.
You worshipped Dithmenos.
Dithmenos was pleased with you.
You were a creature of crystalline ice.
You visited 2 branches of the dungeon, and saw 9 of its levels.
You also visited: Bailey.

You collected 490 gold pieces.

Inventory:

Hand Weapons
 a - a +3 dagger of electrocution
 k - a +3 dagger of speed (melded)
Armour
 i - a +1 leather armour of willpower (melded)
 m - the scarf "Beuklir" (melded) {repulsion, rElec rPois Str-2}
   (You found it on level 6 of the Dungeon)

   Str:       It affects your strength (-2).
   rElec:     It insulates you from electricity.
   rPois:     It protects you from poison.
 p - a +1 pair of gloves (melded)
Jewellery
 c - a ring of wizardry (left front paw)
 f - a ring of fire
 n - an amulet of the acrobat (around neck)
 o - a ring of ice
 x - a ring of magical power (right front paw)
 B - a ring of resist corrosion
Wands
 u - a wand of polymorph (8)
 v - a wand of flame (8)
 y - a wand of mindburst (10) (quivered)
Scrolls
 d - 9 scrolls of teleportation
 j - a scroll of fear
 l - 3 scrolls of amnesia
 t - a scroll of fog
 w - a scroll of blinking
Potions
 b - 4 potions of mutation
 e - a potion of might
 h - a potion of curing
 r - a potion of brilliance {unknown}
 s - a potion of heal wounds {unknown}
 A - a potion of lignification {unknown}


   Skills:
 + Level 8.5 Fighting
 + Level 5.2 Short Blades
 + Level 5.2 Long Blades
 + Level 5.2 Axes
 + Level 5.2 Maces & Flails
 + Level 5.2 Polearms
 + Level 5.2 Staves
 + Level 5.2 Ranged Weapons
 + Level 5.2 Throwing
 + Level 5.9 Armour
 + Level 5.2 Dodging
 + Level 8.0 Stealth
 + Level 5.2 Shields
 + Level 8.5 Unarmed Combat
 + Level 5.2 Spellcasting
 + Level 4.3 Conjurations
 + Level 4.3 Hexes
 + Level 4.3 Summonings
 + Level 4.3 Necromancy
 + Level 4.3 Translocations
 + Level 4.3 Transmutations
 + Level 4.3 Fire Magic
 + Level 4.3 Ice Magic
 + Level 4.3 Air Magic
 + Level 4.3 Earth Magic
 + Level 4.3 Poison Magic
 + Level 5.8 Invocations
 + Level 5.2 Evocations


You had 8 spell levels left.
You knew the following spells:

 Your Spells              Type           Power      Damage    Failure   Level
a - Frozen Ramparts       Ice            20%        1d4       4%          3
b - Ice Form              Ice/Tmut       10%        N/A       16%         4
c - Summon Ice Beast      Ice/Summ       10%        N/A       16%         4

Your spell library contained the following spells:

 Spells                   Type           Power      Damage    Failure   Level
 Ignite Poison            Fire/Tmut/Pois 10%        N/A       4%          3
 Leda's Liquefaction      Hex/Erth       5%         N/A       16%         4
 Alistair's Intoxication  Tmut/Pois      6%         N/A       38%         5
 Eringya's Noxious Bog    Tmut/Pois      5%         N/A       91%         6


Dungeon Overview and Level Annotations

Branches:
Dungeon (8/15)             Temple (1/1) D:5          Bailey (1/1)
   Lair: D:8-11

Altars:
Ashenzari
Dithmenos
Elyvilon
Gozag
Hepliaklqana
Kikubaaqudgha
Makhleb
Nemelex Xobeh
Okawaru
Qazlal
Ru
Sif Muna
Trog
Uskayaw
Vehumet
Xom
Yredelemnul
The Shining One

Shops:
D:6 :

Annotations:
D:3 2 transporters
D:6 3 runed translucent doors, bnnuy's ghost, novice VSNe


Innate Abilities, Weirdness & Mutations

You are a creature of crystalline ice.
You have a powerful freezing melee attack.
You are amphibious.
Your maximum health is increased.
Your armour is entirely melded.
You are incapable of wielding weapons or throwing items.
((You have very sharp teeth.))
Your uncanny sense of smell can sniff out nearby items.
Your experience applies equally to all skills.


Message History

You hit the centaur. You freeze the centaur.
The centaur is lightly wounded.
The centaur closely misses you. The centaur barely misses you.
You completely miss the centaur.
The centaur is lightly wounded.
The centaur hits you with a +0 halberd! The centaur kicks you.
You punch the centaur! You freeze the centaur.
The centaur is heavily wounded.
The centaur closely misses you.
The centaur kicks you but does no damage.
A centaur comes into view. It is wielding a +0 spear.
The centaur closely misses you. x2; The orc warrior completely misses you.
The centaur completely misses you. The centaur barely misses you.
You hit the centaur but do no damage.
The centaur is heavily wounded.
The orc warrior misses you. The centaur hits you with a +0 halberd!
The centaur kicks you but does no damage.
You hit the centaur. You freeze the centaur.
The centaur is severely wounded.
The centaur throws a javelin.
The javelin pierces through you! The centaur misses you.
The centaur closely misses you.
The orc warrior hits you from afar with a +0 glaive!
You punch the centaur! You freeze the centaur.
You kill the centaur!
Dithmenos accepts your kill.
You can now step into the shadows of nearby creatures.
The orc warrior barely misses you.
The centaur throws a javelin.
The javelin pierces through you!
You enter the deep water.
The orc warrior completely misses you.
The orc warrior hits you with a +0 glaive!!
* * * LOW HITPOINT WARNING * * *
The centaur throws a javelin.
The javelin completely misses you.
You hit the orc warrior. You freeze the orc warrior.
The orc warrior is moderately wounded.
The orc warrior hits you with a +0 glaive!
* * * LOW HITPOINT WARNING * * *
You punch the orc warrior! You freeze the orc warrior.
The orc warrior is severely wounded.
The orc warrior hits you with a +0 glaive!
You die...

#####################
##≈≈≈≈≈≈≈≈≈≈≈≈≈≈≈≈≈≈≈##
##≈≈≈≈≈≈≈≈≈≈≈≈≈≈≈≈≈≈≈≈≈#
#≈≈≈≈≈≈≈≈.......≈≈≈≈≈≈≈≈
≈≈≈≈≈≈≈..≈≈≈≈≈≈≈Yo≈≈≈≈≈≈
≈≈≈≈≈..≈≈≈....)≈≈≈..≈≈≈≈
≈≈≈≈.≈≈≈.....)..)≈≈≈.≈≈≈
≈≈≈≈)≈...........c.≈.≈≈≈
≈≈≈)≈≈.⌠.........⌠.≈≈.≈≈
≈≈≈.≈)..............≈.≈≈
≈≈.≈≈)...≈≈≈≈≈≈≈....≈≈.≈
####...≈≈≈~~~~o≈≈≈...≈.≈
..)...≈≈≈~≈≈≈≈≈~~≈≈..≈.


You could see an orc warrior, a centaur and an orc.

Vanquished Creatures
  Prince Ribbit (D:7)
  4 steam dragons
  4 sky beasts
  4 water moccasins
  7 orc warriors (Bailey)
  An ice beast (D:7)
  An ogre (D:4)
  5 centaurs (Bailey)
  3 phantoms
  2 bullfrogs (D:6)
  A scorpion (D:4)
  A howler monkey (D:5)
  2 jellies
  7 hounds
  Jessica (D:2)
  2 iguanas (D:5)
  5 orc wizards
  3 gnolls (D:8)
  12 adders
  2 shadow imps (D:7)
  A white imp (D:3)
  4 worms
  4 dart slugs
  40 orcs
  7 ball pythons
  3 bats
  9 endoplasms
  4 giant cockroaches
  10 goblins
  3 hobgoblins
  3 jackals (D:2)
  3 quokkas
  2 frilled lizards (D:1)
  3 kobolds
  6 rats
170 creatures vanquished.

Notes
Turn   | Place    | Note
-------+----------+-------------------------------------------
     0 | D:1      | GimliDwarf the Gnoll Wanderer began the quest for the Orb.
     0 | D:1      | GimliDwarf set off with the following items: a +3 dagger, a
                  | potion of berserk rage, a potion of attraction, a scroll of
                  | teleportation, a +0 leather armour.
     0 | D:1      | Reached XP level 1. HP: 23/23 MP: 1/1
   410 | D:1      | Reached XP level 2. HP: 29/29 MP: 2/2
   958 | D:2      | Reached XP level 3. HP: 29/35 MP: 2/4
   991 | D:2      | Reached skill level 1 in Invocations
  1147 | D:2      | Reached skill level 1 in Short Blades
  1147 | D:2      | Reached skill level 1 in Long Blades
  1147 | D:2      | Reached skill level 1 in Axes
  1147 | D:2      | Reached skill level 1 in Maces & Flails
  1147 | D:2      | Reached skill level 1 in Polearms
  1147 | D:2      | Reached skill level 1 in Staves
  1147 | D:2      | Reached skill level 1 in Ranged Weapons
  1147 | D:2      | Reached skill level 1 in Throwing
  1147 | D:2      | Reached skill level 1 in Dodging
  1147 | D:2      | Reached skill level 1 in Shields
  1147 | D:2      | Reached skill level 1 in Spellcasting
  1147 | D:2      | Reached skill level 1 in Evocations
  1209 | D:2      | Reached XP level 4. HP: 41/41 MP: 5/5
  1337 | D:2      | Reached skill level 1 in Conjurations
  1337 | D:2      | Reached skill level 1 in Hexes
  1337 | D:2      | Reached skill level 1 in Summonings
  1337 | D:2      | Reached skill level 1 in Necromancy
  1337 | D:2      | Reached skill level 1 in Translocations
  1337 | D:2      | Reached skill level 1 in Transmutations
  1337 | D:2      | Reached skill level 1 in Fire Magic
  1337 | D:2      | Reached skill level 1 in Ice Magic
  1337 | D:2      | Reached skill level 1 in Air Magic
  1337 | D:2      | Reached skill level 1 in Earth Magic
  1337 | D:2      | Reached skill level 1 in Poison Magic
  1349 | D:2      | Noticed Jessica
  1373 | D:2      | Killed Jessica
  1561 | D:2      | Reached XP level 5. HP: 40/47 MP: 7/7
  1844 | D:3      | Found a transporter.
  1933 | D:3      | Found a transporter.
  2891 | D:4      | Reached XP level 6. HP: 40/53 MP: 8/8
  3420 | D:4      | Reached XP level 7. HP: 29/60 MP: 10/10
  4142 | D:5      | Entered Level 5 of the Dungeon
  4591 | D:5      | Noticed a steam dragon
  4600 | D:5      | Killed a steam dragon
  4601 | D:5      | Reached XP level 8. HP: 67/67 MP: 12/12
  4647 | D:5      | Found a staircase to the Ecumenical Temple.
  4654 | Temple   | Entered the Ecumenical Temple
  4661 | Temple   | Became a worshipper of Dithmenos the Shadowed
  5279 | D:6      | Identified the scarf "Beuklir" {repulsion, rElec rPois
                  | Str-2}
  5447 | D:6      | Found Emiynyba's Book Boutique.
  5650 | D:6      | Found a runed translucent gate.
  5650 | D:6      | Found a runed translucent gate.
  5650 | D:6      | Found a runed translucent gate.
  5650 | D:6      | Noticed bnnuy's ghost (novice VSNe)
  5967 | D:7      | Reached XP level 9. HP: 73/73 MP: 14/14
  6103 | D:7      | Noticed Prince Ribbit
  6125 | D:7      | Noticed Maggie
  6128 | D:7      | Maggie changed into Maggie the hound
  6128 | D:7      | Noticed Maggie
  6137 | D:7      | Killed Maggie the hound
  6233 | D:7      | Reached skill level 5 in Armour
  6784 | D:7      | Got the Directory of Geology and Teratogeny
  7287 | D:7      | Learned a level 3 spell: Frozen Ramparts
  7292 | D:7      | Learned a level 4 spell: Ice Form
  7341 | D:7      | Killed Prince Ribbit
  7342 | D:7      | Reached skill level 5 in Invocations
  7346 | D:7      | Reached * piety under Dithmenos
  7561 | D:8      | Found a flagged portal.
  7589 | Bailey   | Entered a bailey
  7972 | Bailey   | Reached skill level 5 in Short Blades
  7972 | Bailey   | Reached skill level 5 in Long Blades
  7972 | Bailey   | Reached skill level 5 in Axes
  7972 | Bailey   | Reached skill level 5 in Maces & Flails
  7972 | Bailey   | Reached skill level 5 in Polearms
  7972 | Bailey   | Reached skill level 5 in Staves
  7972 | Bailey   | Reached skill level 5 in Ranged Weapons
  7972 | Bailey   | Reached skill level 5 in Throwing
  7972 | Bailey   | Reached skill level 5 in Dodging
  7972 | Bailey   | Reached skill level 5 in Shields
  7972 | Bailey   | Reached skill level 5 in Spellcasting
  7972 | Bailey   | Reached skill level 5 in Evocations
  7972 | Bailey   | Reached XP level 10. HP: 81/81 MP: 17/17
  7977 | Bailey   | Learned a level 4 spell: Summon Ice Beast
  8413 | Bailey   | Reached ** piety under Dithmenos
  8416 | Bailey   | HP: 3/98 [orc warrior/+0 glaive (14)]
  8417 | Bailey   | Mangled by an orc warrior

Illustrated notes

Levels and vault maps discovered:
D:1:      psy_arrival_whirlpool, layout_loops_corners
D:2:      layout_rooms, uniq_jessica
D:3:      gammafunk_steamed_eel, layout_basic
D:4:      layout_gridville
D:5:      layout_cave_pools, temple_green
D:6:      layout_rooms, ebering_ghost_rock_garden, serial_shops, shop
D:7:      layout_basic, uniq_prince_ribbit1, uniq_maggie
D:8:      layout_cave_pods, gammafunk_temple_overflow_forgotten,
          mainiacjoe_overflow_alcove_2, lightli_bailey_entry_fortress,
          disabler_island
Temple:   nicolae_temple_no_exploring_needed
Bailey:   bailey_polearm_flooded_kennysheep, bailey

Skill      XL: |  1  2  3  4  5  6  7  8  9 10 |
---------------+-------------------------------+-----
Stealth        | 6 7 8 |  8.0
Invocations    | 1 2 3 4 5 |  5.8
Short Blades   | 1 2 3 5 |  5.2
Long Blades    | 1 2 3 5 |  5.2
Axes           | 1 2 3 5 |  5.2
Maces & Flails | 1 2 3 5 |  5.2
Polearms       | 1 2 3 5 |  5.2
Staves         | 1 2 3 5 |  5.2
Ranged Weapons | 1 2 3 5 |  5.2
Throwing       | 1 2 3 5 |  5.2
Dodging        | 1 2 3 5 |  5.2
Shields        | 1 2 3 5 |  5.2
Spellcasting   | 1 2 3 5 |  5.2
Evocations     | 1 2 3 5 |  5.2
Conjurations   | 1 2 3 4 |  4.3
Hexes          | 1 2 3 4 |  4.3
Summonings     | 1 2 3 4 |  4.3
Necromancy     | 1 2 3 4 |  4.3
Translocations | 1 2 3 4 |  4.3
Transmutations | 1 2 3 4 |  4.3
Fire Magic     | 1 2 3 4 |  4.3
Ice Magic      | 1 2 3 4 |  4.3
Air Magic      | 1 2 3 4 |  4.3
Earth Magic    | 1 2 3 4 |  4.3
Poison Magic   | 1 2 3 4 |  4.3
Armour         | 3 4 5 |  5.9
Fighting       | 7 8 |  8.5
Unarmed Combat | 7 8 |  8.5

Action                     |  1- 3 |  4- 6 |  7- 9 | 10-12 || total
---------------------------+-------+-------+-------+-------++-------
  Melee: Dagger            |    67 |   203 |   482 |    25 ||   777
         Bite              |     4 |    20 |    72 |     4 ||   100
         Punch             |     3 |     5 |    25 |       ||    33
         Unarmed           |       |       |    12 |    27 ||    39
  Throw: Dart              |       |     2 |     7 |       ||     9
   Cast: Ice Form          |       |       |     1 |     2 ||     3
  Evoke: Wand              |       |       |     8 |     5 ||    13
    Use: Potion            |       |     1 |     4 |       ||     5
         Scroll            |       |     9 |     7 |       ||    16
   Stab: Sleeping          |    13 |    14 |    11 |       ||    38
         Distracted        |       |     1 |     3 |       ||     4
         Invisible         |       |       |     3 |       ||     3
         Paralysed         |       |       |     2 |       ||     2
 Armour: Leather armour    |     5 |    26 |    18 |     6 ||    55
         Robe              |       |     6 |    46 |       ||    52
         Skin              |       |       |     1 |    12 ||    13
  Dodge: Dodged            |    34 |   104 |   299 |    84 ||   521
         Repelled          |       |       |     1 |       ||     1
